Map: Acropolis LE

Players

Denver - Winner!

  • Race: Zerg Zerg
  • Spawn Location: 11:00

iAsonu

  • Race: Zerg Zerg
  • Spawn Location: 5:00

Event: 2019 WCS Summer

VOD

Have the link to the VOD?

Description

Time

  • Played on: July 13, 2019, 7:53 a.m.
  • Length: 8:56

All games in this series

Show
View Real Time Build Order
Export as new Build Order

Denver Zerg - Winner!

Build Orders: Hatch First 

Get SALT Encoding   

  12  0:00  Drone  
  13  0:12  Overlord  
  13  0:16  Drone  
  14  0:30  Drone x2  
  16  0:48  Hatchery  
  15  0:52  Drone  
  15  0:55  Drone  
  17  0:58  Drone  
  18  1:09  Extractor  
  17  1:13  Spawning Pool  
  17  1:17  Drone  
  17  1:20  Drone  
  18  1:28  Drone  
  19  1:38  Drone  
  20  1:49  Drone  
  21  2:00  Queen x2  
  21  2:01  Overlord  
  25  2:02  Drone  
  26  2:08  Metabolic Boost  
  26  2:11  Zergling x2, Drone  
  28  2:22  Drone x2  
  30  2:33  Hatchery  
  29  2:37  Drone  
  29  2:38  Drone  
  29  2:43  Overlord  
  31  2:46  Drone  
  32  2:52  Queen  
  32  2:56  Drone  
  35  3:01  Drone  
  35  3:03  Evolution Chamber  
  35  3:04  Drone x2  
  37  3:11  Drone x3  
  40  3:14  Drone  
  40  3:18  Overlord  
  41  3:21  Drone  
  41  3:23  Drone  
  41  3:24  Drone  
  44  3:31  Zerg Missile Weapons Level 1  
  44  3:33  Roach Warren  
  43  3:35  Drone  
  44  3:41  Lair  
  44  3:43  Extractor  
  44  3:44  Drone  
  44  3:45  Drone  
  44  3:47  Drone  
  46  3:51  Drone x2  
  46  3:52  Drone  
  46  3:55  Overlord  
  48  4:03  Drone x3  
  48  4:04  Extractor  
  48  4:07  Drone x3  
  48  4:08  Drone  
  54  4:11  Overlord  
  54  4:14  Drone x2  
  54  4:15  Drone  
  57  4:20  Drone x3  
  60  4:25  Extractor  
  60  4:27  Overlord  
  60  4:30  Roach  
  60  4:31  Roach x2  
  65  4:34  Roach  
  65  4:35  Roach  
  65  4:38  Roach x2  
  71  4:41  Glial Reconstitution  
  71  4:44  Overlord  
  73  4:45  Overseer  
  73  4:50  Roach x2  
  73  4:51  Overlord  
  77  4:54  Roach  
  77  4:55  Roach  
  77  4:58  Overlord  
  81  5:03  Overlord  
  81  5:04  Roach  
  81  5:05  Roach  
  81  5:06  Overlord  
  85  5:09  Roach x2  
  85  5:13  Overlord  
  89  5:15  Roach  
  89  5:20  Roach x3  
  97  5:26  Roach x3  
  103  5:32  Roach x3  
  103  5:39  Roach x4  
  109  5:46  Roach x4  
  111  5:52  Roach x2  
  105  5:57  Roach x3  
  105  6:00  Queen  
  108  6:07  Roach x4  
  109  6:12  Roach  
  109  6:18  Roach x3  
  117  6:24  Queen, Roach  
  115  6:31  Ravager  
  117  6:32  Drone  
  117  6:33  Drone x4  
  117  6:35  Extractor  
  117  6:36  Overlord  
  120  6:44  Roach x2  
  120  6:46  Overlord  
  124  6:49  Drone  
  124  6:53  Evolution Chamber  
  124  6:55  Drone  
  124  6:57  Extractor  
  124  6:59  Roach  
  124  7:00  Roach x4  
  134  7:03  Overlord  
  134  7:09  Roach  
  134  7:10  Roach  
  136  7:18  Roach x4  
  136  7:20  Overlord  
  134  7:26  Roach x2  
  134  7:29  Roach  
  140  7:30  Roach x2  
  140  7:34  Roach  
  130  7:40  Roach x2  
  128  7:50  Roach x6  
  124  7:57  Roach x2  
  128  8:05  Roach  
  128  8:06  Roach  
  128  8:09  Roach  
  116  8:13  Roach  
  116  8:14  Roach  
  116  8:18  Roach  
  114  8:22  Overseer  
  114  8:25  Hatchery, Roach x6  
  111  8:34  Roach x4  
  111  8:35  Roach  
Show
View Real Time Build Order
Export as new Build Order

iAsonu Zerg 

Build Orders: Hatch First, Roach Nydus 

Get SALT Encoding   

  12  0:00  Drone  
  13  0:12  Overlord  
  13  0:17  Drone  
  14  0:30  Drone  
  14  0:31  Drone  
  16  0:47  Hatchery  
  16  0:50  Drone  
  16  0:54  Drone  
  17  0:57  Drone  
  18  1:08  Extractor  
  17  1:12  Spawning Pool  
  17  1:15  Drone  
  18  1:18  Drone  
  18  1:28  Drone  
  19  1:42  Drone  
  20  1:50  Overlord  
  20  1:59  Queen x2  
  20  2:01  Drone x2  
  26  2:11  Drone  
  26  2:12  Drone  
  28  2:22  Zergling x2  
  29  2:23  Drone  
  30  2:34  Drone x2  
  34  2:39  Queen  
  34  2:43  Lair  
  34  2:44  Overlord  
  34  2:45  Drone  
  35  2:53  Drone  
  36  2:58  Evolution Chamber  
  36  2:59  Drone  
  36  3:00  Roach Warren  
  36  3:04  Drone  
  36  3:05  Drone  
  37  3:08  Drone x2  
  37  3:09  Drone x2  
  37  3:11  Drone  
  42  3:15  Drone  
  43  3:24  Zerg Missile Weapons Level 1  
  43  3:25  Overlord  
  43  3:27  Extractor  
  43  3:28  Drone x2, Extractor  
  43  3:33  Drone  
  44  3:40  Overlord  
  44  3:43  Drone x3  
  44  3:44  Drone  
  44  3:45  Glial Reconstitution  
  48  3:52  Drone  
  48  3:53  Drone  
  50  4:07  Hatchery, Overlord  
  50  4:08  Roach x3  
  55  4:10  Overseer  
  55  4:17  Overlord  
  55  4:19  Roach x2  
  59  4:25  Roach  
  59  4:26  Roach x2  
  59  4:31  Overlord  
  65  4:32  Roach  
  67  4:40  Nydus Network  
  67  4:42  Overlord  
  67  4:45  Roach x3  
  72  4:49  Overlord  
  72  4:52  Roach  
  74  4:59  Roach x3  
  80  5:03  Roach  
  82  5:08  Roach  
  82  5:09  Roach  
  82  5:11  Roach  
  90  5:14  Roach  
  90  5:18  Roach  
  92  5:23  Nydus Canal  
  92  5:24  Overlord  
  91  5:30  Overlord  
  91  5:33  Roach x3, Overlord  
  95  5:42  Roach x3  
  101  5:48  Nydus Canal  
  99  5:53  Roach x2  
  97  5:59  Roach  
  97  6:00  Roach  
  91  6:05  Roach x2  
  91  6:12  Drone x10  
  91  6:15  Nydus Canal  
  93  6:22  Roach x3  
  93  6:24  Drone  
  90  6:28  Extractor, Roach  
  90  6:31  Drone x3  
  94  6:34  Drone x2  
  94  6:36  Roach  
  94  6:39  Drone x2  
  100  6:40  Drone  
  100  6:42  Drone  
  102  6:50  Roach  
  102  6:54  Nydus Canal  
  104  6:56  Overlord  
  104  6:59  Roach  
  104  7:00  Roach  
  108  7:06  Overlord  
  108  7:09  Overlord  
  108  7:11  Roach x5  
  116  7:21  Roach x4  
  112  7:26  Roach x2  
  114  7:31  Roach x2  
  114  7:34  Roach  
  114  7:36  Roach  
  104  7:37  Roach  
  104  7:40  Roach  
  104  7:42  Roach  
  99  7:45  Roach  
  99  7:48  Roach  
  99  7:50  Roach  
  96  7:53  Roach  
  98  7:59  Roach x2  
  102  8:07  Roach x3  
  102  8:09  Roach  
  102  8:11  Roach  
  97  8:15  Roach  
  97  8:16  Roach  
  86  8:20  Roach  
  86  8:21  Roach  
  78  8:31  Roach x2  
  78  8:32  Roach  
  78  8:34  Roach  
  77  8:36  Roach  
Tags
 
Add a new tag
Caveats
  • Supply blocks, unpowered buildings, or Contaminate may cause inaccurate times.
  • Supply counts are checked every 10 seconds.